 Dungeon Crawl Stone Soup version 0.30-a0-310-g7d6cbdfea6 (webtiles) character file.

Game seed: 6194619841047299480

84 hikkokomori the Digger (level 4, -26/36 HPs)
             Began as a Demigod Earth Elementalist on Oct 25, 2022.
             Killed by an exploding iguana (35 damage)
             ... ignited by their inner flame
             ... on level 4 of the Dungeon.
             The game lasted 00:02:51 (2363 turns).

hikkokomori the Digger (Demigod Earth Elementalist) Turns: 2363, Time: 00:02:52

Health: -26/36     AC:  2    Str:  9    XL:     4   Next: 3%
Magic:  1/9        EV: 16    Int: 21    God:
Gold:   86         SH:  0    Dex: 14    Spells: 5/6 levels left

rFire   . . .      SeeInvis .    c - +0 dagger
rCold   . . .      Faith    .    (no shield)
rNeg    . . .      Spirit   .    a - +0 robe
rPois   .          Reflect  .    (no helmet)
rElec   .          Harm     .    (no cloak)
rCorr   .          Rampage  .    (no gloves)
Will    .....                    (no boots)
Stlth   ++........               (no amulet)
HPRegen 0.26/turn                j - +4 ring of evasion
MPRegen 0.11/turn                (no ring)

@: weak-willed
A: high MP 1, forlorn, divine attributes
a: no special abilities


You were on level 4 of the Dungeon.
You visited 1 branch of the dungeon, and saw 3 of its levels.

You collected 86 gold pieces.

Inventory:

Hand Weapons
 c - a +0 dagger (weapon)
Armour
 a - a +0 robe (worn)
Jewellery
 j - a +4 ring of evasion (left hand)
Scrolls
 f - a scroll of vulnerability
 g - a scroll of enchant weapon {unknown}
 h - a scroll of identify {unknown}
 i - 2 scrolls of noise
Potions
 b - a potion of magic
 d - a potion of ambrosia {unknown}
 e - a potion of haste {unknown}
 k - a potion of brilliance {unknown}


   Skills:
 + Level 1.8 Fighting
 - Level 1.7 Dodging
 - Level 1.7 Stealth
 - Level 1.7 Spellcasting
 - Level 0.8 Transmutations
 * Level 4.1 Earth Magic


You had 5 spell levels left.
You knew the following spells:

 Your Spells              Type           Power      Damage    Failure   Level
a - Sandblast             Erth           38%        2d10      2%          1

Your spell library contained the following spells:

 Spells                   Type           Power      Damage    Failure   Level
 Passwall                 Tmut/Erth      10%        N/A       9%          2
 Stone Arrow              Conj/Erth      20%        3d8       19%         3
 Petrify                  Tmut/Erth      12%        N/A       47%         4
 Borgnjor's Revivificati  Necr           0%         N/A       100%        8
 Necromutation            Tmut/Necr      1%         N/A       100%        8
 Death's Door             Necr           0%         N/A       100%        9


Dungeon Overview and Level Annotations

Branches:
Dungeon (2/15)


Innate Abilities, Weirdness & Mutations

You have an increased reservoir of magic. (+10% MP)
You shall have no god before yourself.
Your divine heritage dramatically boosts your attributes as you level up.


Message History

Unknown command.
You're too confused to move!
You feel less confused.
The iguana hisses angrily.
As you read the scroll labelled KEHOAFF BERGHU, it crumbles to dust.
Magic quickly surges around you.
It was a scroll of vulnerability.
The orc hits you with a +0 hand axe. Something hits you.
As you read the scroll labelled EDUCRUOSTRE, it crumbles to dust.
You hear a loud clanging noise!
It was a scroll of noise.
You hear a bark! x2; You hear a shout!
You hear a bark!
The orc closely misses you. Something hits you.
As you read the scroll labelled MIAHUMUWI, it crumbles to dust.
The creatures around you are filled with an inner flame!
It was a scroll of immolation.
The orc hits you with a +0 hand axe. Something hits you.
The orc throws a boomerang.
The boomerang barely misses you.
Casting: Sandblast (safe; 2% risk of failure)
Confirm with . or Enter, or press ? or * to list all spells.
Aiming: Sandblast (safe; 2% risk of failure)
Press: ? - help, Shift-Dir - straight line, f - orc
Aim: an orc, wielding a +0 hand axe, wearing a +0 ring mail and quivering boomerangs (inner flame, weak-willed, 84% to hit)
The blast of sand hits the iguana.
Flame seeps out of the iguana.
The iguana is lightly wounded.
The orc throws a boomerang.
The boomerang closely misses you.
You hear some strange, mumbled words.
A magic dart appears from out of thin air!
The magic dart hits you.
* * * LOW HITPOINT WARNING * * *
The iguana is engulfed in blazing flames.
Flame seeps out of the iguana.
The iguana bites you but does no damage.
The iguana is engulfed in blazing flames.
The iguana explodes!
The fiery explosion engulfs something!!!
Reactivating autopickup.
You feel a bit more experienced.
The fiery explosion engulfs the orc!!
The fiery explosion engulfs you!!
Ouch! That really hurt!
You die...

#######
#..§§@#
#..§○§#
#..§§.#
#.....# ..
#.....# ...
#.....#....
#.....#....
#....))..#
##.....###.


There were no monsters in sight!

Vanquished Creatures
  An iguana (D:4)
  An orc wizard (D:4)
  2 adders (D:2)
  An ufetubus (D:2)
  2 dart slugs (D:1)
  3 orcs (D:4)
  4 ball pythons
  7 bats
  4 endoplasms
  A giant cockroach (D:1)
  6 goblins
  5 hobgoblins
  4 jackals (D:1)
  3 kobolds
  3 quokkas
  3 frilled lizards (D:2)
  2 rats (D:1)
52 creatures vanquished.

Vanquished Creatures (others)
  5 plants
5 creatures vanquished.

Grand Total: 57 creatures vanquished

Notes
Turn   | Place    | Note
-------+----------+-------------------------------------------
     0 | D:1      | hikkokomori the Demigod Earth Elementalist began the quest
                  | for the Orb.
     0 | D:1      | Reached XP level 1. HP: 14/14 MP: 5/5
   112 | D:1      | Reached skill level 3 in Earth Magic
   264 | D:1      | Reached XP level 2. HP: 22/22 MP: 1/7
   436 | D:1      | Reached skill level 1 in Fighting
   860 | D:1      | Reached XP level 3. HP: 28/28 MP: 2/8
  1741 | D:2      | Reached skill level 4 in Earth Magic
  2325 | D:2      | You fall into a shaft and drop 2 floors!
  2344 | D:4      | Reached XP level 4. HP: 36/36 MP: 4/9
  2363 | D:4      | Killed by an exploding iguana... ignited by their inner
                  | flame

Illustrated notes

Levels and vault maps discovered:
D:1:      dpeg_arrival_arbitrary_a, layout_loops_ring, serial_bayou,
          serial_bayou_crossing, serial_bayou_shore_a, serial_bayou_pond_d,
          serial_bayou_lagoon_a
D:2:      layout_basic, shapermc_ecumenical_altar_ellora, serial_bayou_pond_c,
          minmay_misc_feat_encased, grunt_ministairs_8, serial_park_tiny_pond
D:4:      layout_basic, mainiacjoe_overflow_alcove_4, minmay_temple_entry_mist,
          kennysheep_generic_room_13

Skill      XL: |  1  2  3 |
---------------+----------+-----
Earth Magic    | 3 4 |  4.1
Fighting       | 1 |  1.8
Dodging        | |  1.7
Stealth        | |  1.7
Spellcasting   | |  1.7
Transmutations | |  0.8

Action                   |  1- 3 |  4- 6 || total
-------------------------+-------+-------++-------
Melee: Unarmed           |    15 |       ||    15
       Dagger            |    12 |     2 ||    14
 Cast: Sandblast         |    70 |     6 ||    76
  Use: Scroll            |       |     3 ||     3
 Stab: Sleeping          |     1 |       ||     1
Armor: Robe              |    13 |     3 ||    16
Dodge: Dodged            |    46 |     6 ||    52

Table legend: (Time is in decaauts)
 A = Elapsed time spent in this place.
 B = Non-inter-level travel time spent in this place.
 C = Inter-level travel time spent in this place.
 D = Time resting spent in this place.
 E = Time spent auto-exploring this place.
 F = Levels seen in this place.
 G = Mean time per level.
                   A        B        C        D        E       F      G
               +--------+--------+--------+--------+--------+-----+--------+
         Total |   2445 |   2412 |     33 |      0 |   2108 |   3 |  815.0 |
       Dungeon |   2445 |   2412 |     33 |      0 |   2108 |   3 |  815.0 |
               +--------+--------+--------+--------+--------+-----+--------+

Top non-repeatable levels by time:
     D:1: 1452 daAuts
     D:2: 950 daAuts
     D:4: 42 daAuts
